 Dungeon Crawl Stone Soup version 0.28-a0-655-g4eb62b627b (webtiles) character file.

Game seed: 12125165305618150283

641 pokeman the Magician (level 7, 0/38 HPs)
             Began as a Deep Elf Hedge Wizard on Oct 12, 2021.
             Slain by a yak (10 damage)
             ... on level 5 of the Dungeon.
             The game lasted 00:10:49 (4649 turns).

pokeman the Magician (Deep Elf Hedge Wizard)        Turns: 4649, Time: 00:10:50

Health: 0/38       AC: -1    Str:  7    XL:     7   Next: 26%
Magic:  5/20       EV: 12    Int: 21    God:
Gold:   200        SH:  0    Dex: 14    Spells: 10/21 levels left

rFire   . . .      SeeInvis .   r - staff of conjuration
rCold   . . .      Faith    .   (no shield)
rNeg    . . .      Spirit   .   d - +3 leather armour
rPois   .          Reflect  .   c - +0 hat
rElec   .          Harm     .   (no cloak)
rCorr   .          Rampage  .   (no gloves)
Will    .....                   (no boots)
Stlth   ++........              (no amulet)
HPRegen 0.12/turn               (no ring)
MPRegen 0.17/turn               (no ring)

@: corroded, very slightly contaminated
A: no striking features
a: no special abilities


You were on level 5 of the Dungeon.
You visited 1 branch of the dungeon, and saw 5 of its levels.

You collected 200 gold pieces.

Inventory:

Hand Weapons
 p - a +1 whip of electrocution
Missiles
 m - 39 arrows
Armour
 c - a +0 hat (worn)
 d - a +3 leather armour (worn)
Magical Staves
 q - a staff of earth
 r - a staff of conjuration (weapon)
Jewellery
 j - an amulet of guardian spirit
Wands
 l - a wand of paralysis (1)
Scrolls
 a - a scroll of amnesia {unknown}
 b - 2 scrolls of brand weapon {unknown}
 e - 2 scrolls of identify {unknown}
 h - a scroll of torment {unknown}
 i - 3 scrolls of enchant armour {unknown}
 k - a scroll of noise {unknown}
 n - a scroll of acquirement {unknown}
 o - a scroll of fog {unknown}
 t - a scroll of teleportation {unknown}
Potions
 f - a potion of haste {unknown}
 g - a potion of attraction {unknown}
 s - a potion of berserk rage {unknown}


   Skills:
 + Level 1.6 Fighting
 - Level 1.0 Armour
 - Level 3.0 Dodging
 - Level 3.0 Stealth
 * Level 7.9 Spellcasting
 + Level 3.8 Conjurations
 - Level 1.1 Summonings
 - Level 1.1 Translocations
 + Level 1.0 Fire Magic
 - Level 1.3 Air Magic
 - Level 1.3 Earth Magic
 - Level 1.5 Poison Magic
 - Level 1.2 Evocations


You had 10 spell levels left.
You knew the following spells:

 Your Spells              Type           Power      Damage    Failure   Level
a - Magic Dart            Conj           100%       1d8       2%          1
b - Mephitic Cloud        Conj/Pois/Air  26%        N/A       14%         3
c - Call Imp              Summ           12%        N/A       11%         2
d - Blink                 Tloc           N/A        N/A       11%         2
e - Conjure Flame         Conj/Fire      28%        6-21      13%         3

Your spell library contained the following spells:

 Spells                   Type           Power      Damage    Failure   Level
 Slow                     Hex            8%         N/A       19%         2
 Ignite Poison            Fire/Tmut/Pois 11%        N/A       24%         3
 Sticky Flame             Conj/Fire      28%        2d5       38%         4
 Petrify                  Tmut/Erth      11%        N/A       65%         4
 Metabolic Englaciation   Hex/Ice        4%         N/A       97%         5
 Statue Form              Tmut/Erth      7%         N/A       100%        6


Dungeon Overview and Level Annotations

Branches:
Dungeon (5/15)
 Temple: D:4-7

Altars:

Shops:
D:1 !

Annotations:
D:5 Ijyb


Message History

* * * LOW HITPOINT WARNING * * *
Unknown command.
Unknown command.
The yak is engulfed in blazing flames.
The yak barely misses your crimson imp.
Your crimson imp hits the yak.
The yak is engulfed in blazing flames.
You kill the yak!
Your crimson imp barely misses the yak.
Your Poison Magic skill increases to level 1!
You have reached level 7!
Unknown command.
Casting: Call Imp (safe; 11% risk of failure)
Confirm with . or Enter, or press ? or * to list all spells.
The spell is quite dangerous to cast (14% risk of failure)!
Continue anyway?
Aiming: Mephitic Cloud (quite dangerous; 14% risk of failure)
Press: ? - help, Shift-Dir - straight line, f - yak
Aim: a yak (ally target, chance to affect: 67%)
You feel a surge of power!
The ball explodes into a vile cloud!
The stinking cloud engulfs the yak but does no damage. x2
The stinking cloud engulfs your crimson imp but does no damage.
You hear a howl!
You hear a shout!
The yak is engulfed in noxious fumes.
The yak appears confused.
The yak is engulfed in noxious fumes.
The yak appears confused.
A bullfrog skeleton comes into view.
The yak is engulfed in blazing flames.
Your crimson imp hits the yak but does no damage.
Unknown command.
Unknown command.
Casting: Mephitic Cloud (quite dangerous; 14% risk of failure)
Confirm with . or Enter, or press ? or * to list all spells.
The spell is quite dangerous to cast (13% risk of failure)!
Continue anyway?
You feel a surge of power!
The fire begins to smoulder!
The yak is engulfed in noxious fumes.
The yak appears confused.
The yak is engulfed in noxious fumes.
The yak appears confused.
The yak is engulfed in blazing flames.
The yak barely misses your crimson imp.
Your crimson imp blinks!
Unknown command.
The yak is engulfed in noxious fumes.
The yak is engulfed in blazing flames.
The yak gores you!
You die...

#. .#####. .. ... .+
##. ?.##.#
...###Z....###. ..(
..#...#...#...# ...
#.............. ..
##........... ##.##
####.○Y○@....... ...#
#...Y§☼Y§...#... #
#.###.###Y5.....#
#.###..Y..# #.......#
#...#..Y#############
...!.......##
.##..<..>.)....
#............
###............


You could see 4 yaks, a bullfrog skeleton and a friendly crimson imp (summoned).

Vanquished Creatures
  A yak (D:5)
  A black bear (D:4)
  An ogre (D:4)
  2 orc priests (D:4)
  A jelly (D:5)
  A gnoll shaman (D:4)
  A bullfrog skeleton (D:3)
  6 gnolls
  4 adders
  3 worms (D:2)
  A dart slug (D:3)
  7 orcs
  6 endoplasms
  3 goblins
  4 hobgoblins
  7 kobolds
  4 quokkas
  4 ball pythons
  3 bats
  9 rats
69 creatures vanquished.

Vanquished Creatures (collateral kills)
  An orc (D:2)
1 creature vanquished.

Grand Total: 70 creatures vanquished

Notes
Turn   | Place    | Note
-------+----------+-------------------------------------------
     0 | D:1      | pokeman the Deep Elf Hedge Wizard began the quest for the
                  | Orb.
     0 | D:1      | Reached XP level 1. HP: 10/10 MP: 7/7
   329 | D:1      | Reached XP level 2. HP: 16/16 MP: 5/9
   448 | D:1      | Found Fatig's Distillery.
  1008 | D:2      | Noticed a great orb of eyes
  1012 | D:2      | Noticed a golden eye
  1014 | D:2      | Found a faded altar of an unknown god.
  1016 | D:2      | Noticed a golden eye
  1016 | D:2      | Noticed a great orb of eyes
  1024 | D:2      | Reached skill level 5 in Spellcasting
  1129 | D:2      | Reached XP level 3. HP: 6/20 MP: 1/11
  1133 | D:2      | Learned a level 3 spell: Mephitic Cloud
  1136 | D:2      | Learned a level 2 spell: Call Imp
  1139 | D:2      | Learned a level 2 spell: Blink
  1143 | D:2      | Learned a level 3 spell: Conjure Flame
  1920 | D:2      | Reached skill level 1 in Fighting
  1920 | D:2      | Reached skill level 1 in Armour
  2438 | D:3      | Reached XP level 4. HP: 25/25 MP: 5/13
  3058 | D:3      | Reached skill level 1 in Fire Magic
  3178 | D:3      | Reached skill level 6 in Spellcasting
  3178 | D:3      | Reached XP level 5. HP: 29/29 MP: 9/15
  3323 | D:4      | Noticed an ogre
  3334 | D:4      | Killed an ogre
  3335 | D:4      | Reached skill level 1 in Air Magic
  3743 | D:4      | Reached XP level 6. HP: 34/34 MP: 9/17
  3855 | D:4      | Reached skill level 7 in Spellcasting
  3855 | D:4      | Reached skill level 1 in Earth Magic
  3855 | D:4      | Reached skill level 1 in Evocations
  4355 | D:5      | Entered Level 5 of the Dungeon
  4358 | D:5      | Noticed Ijyb
  4614 | D:5      | Noticed a yak
  4614 | D:5      | Noticed a yak
  4614 | D:5      | Noticed a yak
  4628 | D:5      | Noticed a yak
  4628 | D:5      | Noticed a yak
  4646 | D:5      | Killed a yak
  4647 | D:5      | Reached skill level 1 in Poison Magic
  4647 | D:5      | Reached XP level 7. HP: 9/38 MP: 11/20
  4649 | D:5      | Slain by a yak

Illustrated notes

Levels and vault maps discovered:
D:1:      lightli_arrival_statue_moat, layout_rooms, serial_shops, shop,
          kennysheep_decorative_pillar
D:2:      layout_loops_cross, hellmonk_ecumenical_altar_watching_god,
          chequers_serial_rivers_room_b
D:3:      layout_rooms, corexii_hall_statues_t
D:4:      layout_loops_ring, chequers_arboretum
D:5:      layout_rooms, kennysheep_mini_moat, mainiacjoe_overflow_tiny_flanked,
          lemuel_round_altar, minmay_temple_entry_gardened_gates,
          minmay_fractal_squares_diagonal_5, uniq_ijyb

Skill      XL: |  1  2  3  4  5  6 |
---------------+-------------------+-----
Spellcasting   | 5 6 7 |  7.9
Fighting       | 1 |  1.6
Armour         | 1 |  1.0
Conjurations   | 2 3 |  3.8
Fire Magic     | 1 |  1.0
Dodging        | 3 |  3.0
Air Magic      | 1 |  1.3
Stealth        | 3 |  3.0
Earth Magic    | 1 |  1.3
Evocations     | 1 |  1.2
Poison Magic   | 1 |  1.5
Summonings     | |  1.1
Translocations | |  1.1

Action                   |  1- 3 |  4- 6 |  7- 9 || total
-------------------------+-------+-------+-------++-------
Melee: Dagger            |     8 |       |       ||     8
       Mace              |     4 |       |       ||     4
       Whip              |       |     2 |       ||     2
       Staff             |       |     7 |       ||     7
 Cast: Magic Dart        |   119 |    78 |       ||   197
       Call Imp          |     1 |     3 |       ||     4
       Mephitic Cloud    |       |     6 |     1 ||     7
       Conjure Flame     |       |     5 |     1 ||     6
       Blink             |       |     1 |       ||     1
Evoke: Wand              |       |     4 |       ||     4
 Stab: Sleeping          |     1 |       |       ||     1
Armor: Leather armour    |    14 |    11 |       ||    25
Dodge: Dodged            |    25 |    17 |       ||    42

Table legend: (Time is in decaauts)
 A = Elapsed time spent in this place.
 B = Non-inter-level travel time spent in this place.
 C = Inter-level travel time spent in this place.
 D = Time resting spent in this place.
 E = Time spent auto-exploring this place.
 F = Levels seen in this place.
 G = Mean time per level.
                   A        B        C        D        E       F      G
               +--------+--------+--------+--------+--------+-----+--------+
         Total |   4657 |   4497 |    160 |    594 |   3361 |   5 |  931.4 |
       Dungeon |   4657 |   4497 |    160 |    594 |   3361 |   5 |  931.4 |
               +--------+--------+--------+--------+--------+-----+--------+

Top non-repeatable levels by time:
     D:2: 1472 daAuts
     D:4: 1318 daAuts
     D:3: 958 daAuts
     D:1: 858 daAuts
     D:5: 49 daAuts
